AoeStats
← kV0t3

Arabia

509247561Analyzed
1v1 RM · 6d ago on Sep 26, 2026· 31m 52s· 2 players
Game mode
Random Map
Map size
Tiny (2 player)
Population
200
Speed
Normal
Resources
Standard
Victory
Conquest
Starting age
Dark Age
Ending age
Imperial Age
RankedLock teamsTeams togetherTeam positionsShared explorationLock speedFull tech treeHidden civsTurbo modeCheats
Victory
Defeat
🇦🇷 Portuguese · Argentina
1240
+15
🇦🇷 Tatars · Argentina
1219
-15
M1NT
6:08 Loom
9:15 Feudal Age
10:09 Double-Bit Axe
14:55 Horse Collar
20:12 Castle Age
18:38 Gold Mining
18:55 Fletching
19:06 Padded Archer Armor
20:28 Bloodlines
21:14 Bow Saw
21:17 Bodkin Arrow
21:35 Heavy Plow
23:10 Gold Shaft Mining
23:20 Scale Barding Armor
23:50 Ballistics
27:04 Husbandry
30:36 Elite Skirmisher
kV0t3
0:25 Loom
9:36 Feudal Age
9:48 Man-at-Arms
14:51 Double-Bit Axe
18:43 Wheelbarrow
21:02 Castle Age
19:02 Fletching
19:18 Horse Collar
19:53 Padded Archer Armor
20:26 Gold Mining
21:44 Bodkin Arrow
21:10 Crossbowman
22:03 Bow Saw
23:34 Leather Archer Armor
24:36 Ballistics
31:32 Imperial Age
30:13 Thumb Ring
32:17 Bracer
Connection lost

Rejoining the realm…

Still unreachable

The connection could not be restored.

Session expired

The server has moved on; the page needs a fresh start.